AoeStats
← [KMNB] Dedão

African Clearing

510728877Analyzed
2v2 RM · 1d ago on Oct 2, 2026· 26m 53s· 4 players
Game mode
Random Map
Map size
Medium (4 player)
Population
200
Speed
Normal
Resources
Standard
Victory
Conquest
Starting age
Dark Age
Ending age
Imperial Age
RankedLock teamsTeams togetherTeam positionsShared explorationLock speedFull tech treeHidden civsTurbo modeCheats
Victory
Defeat
🇫🇷 Maya · France
1550
+14
🇫🇷 Persians · France
1458
+17
🇧🇷 Varangians · Brazil
1509
-16
🇧🇷 Italians · Brazil
1474
-15
[KMNB] Dedão
5:48 Loom
14:02 Feudal Age
14:57 Double-Bit Axe
18:29 Castle Age
16:24 Gold Mining
17:19 Fletching
18:23 Padded Archer Armor
18:50 Crossbowman
20:18 Bodkin Arrow
25:39 Town Watch
[KMNB] Bandeira
4:59 Loom
13:24 Feudal Age
17:50 Castle Age
18:46 Double-Bit Axe
23:23 Scale Barding Armor
ccereal
9:52 Loom
12:24 Feudal Age
16:31 Castle Age
14:42 Stone Mining
14:39 Double-Bit Axe
15:34 Fletching
17:35 Bodkin Arrow
21:12 Bow Saw
22:19 Padded Archer Armor
27:04 Leather Archer Armor
27:45 Ballistics
Flybidi
10:13 Loom
10:40 Loom
12:25 Feudal Age
13:56 Double-Bit Axe
16:42 Castle Age
15:42 Bloodlines
16:08 Scale Barding Armor
27:16 Wheelbarrow
Connection lost

Rejoining the realm…

Still unreachable

The connection could not be restored.

Session expired

The server has moved on; the page needs a fresh start.